 Dungeon Crawl Stone Soup version 0.31-a0-879-g1609e0ac53 (webtiles) character file.

Game seed: 17544942881198613045

14214 gruber the Destroyer (level 11, -7/82 HPs)
             Began as a Demigod Conjurer on Oct 14, 2023.
             Shot with a bolt by a yaktaur captain (43 damage)
             ... on level 10 of the Dungeon.
             The game lasted 00:22:15 (15562 turns).

gruber the Destroyer (Demigod Conjurer)            Turns: 15562, Time: 00:22:16

Health: -7/82      AC:  8    Str: 11    XL:     11   Next: 56%
Magic:  3/27       EV: 17    Int: 32    God:
Gold:   620        SH:  0    Dex: 12    Spells: 14/26 levels left

rFire   + . .        A - +8 mace of the Puffball {flame, rElec Str+3 Stlth+}
rCold   . . .        (no shield)
rNeg    . . .        v - +1 leather armour {rF+}
rPois   +            h - +2 helmet
rElec   +            B - +0 cloak
rCorr   .            (no gloves)
SInv    .            (no boots)
Will    +....        (no amulet)
Stlth   ++           y - +5 ring of evasion
HPRegen 0.33/turn    P - ring of poison resistance
MPRegen 0.20/turn

%: no passive effects
@: confused
A: high MP 1, forlorn, divine attributes
a: no special abilities


You were on level 10 of the Dungeon.
You visited 1 branch of the dungeon, and saw 10 of its levels.
You also visited: Bailey.

You collected 620 gold pieces.

Inventory:

Hand Weapons
 A - the +8 mace of the Puffball (weapon) {flame, rElec Str+3 Stlth+}
   (You found it on level 6 of the Dungeon)

   Str+3:     It affects your strength (+3).
   rElec:     It insulates you from electricity.
   Stlth+:    It makes you more stealthy.
Missiles
 L - 2 curare-tipped darts
 O - a throwing net
Armour
 h - a +2 helmet (worn)
 v - a +1 leather armour of fire resistance (worn)
 B - a +0 cloak (worn)
Magical Staves
 o - a staff of conjuration
Jewellery
 y - a +5 ring of evasion (left hand)
 G - a ring of see invisible
 P - a ring of poison resistance (right hand)
 R - a +4 ring of protection
 S - a +5 ring of evasion
Wands
 m - a wand of polymorph (2)
 p - a wand of flame (35)
 C - a wand of mindburst (20)
 E - a wand of digging (3)
Scrolls
 a - a scroll of immolation {unknown}
 d - 2 scrolls of blinking {unknown}
 e - 5 scrolls of fog {unknown}
 f - 11 scrolls of identify {unknown}
 g - 2 scrolls of vulnerability {unknown}
 i - 2 scrolls of teleportation
 j - 2 scrolls of amnesia {unknown}
 q - 2 scrolls of revelation {unknown}
 s - 4 scrolls of enchant armour {unknown}
 t - 4 scrolls of poison {unknown}
 u - 4 scrolls of enchant weapon {unknown}
 w - 3 scrolls of fear {unknown}
 z - a scroll of acquirement {unknown}
 D - 3 scrolls of butterflies {unknown}
 K - 2 scrolls of brand weapon {unknown}
 Q - a scroll of noise {unknown}
Potions
 b - 3 potions of magic
 c - 4 potions of enlightenment {unknown}
 k - 5 potions of curing {unknown}
 l - a potion of berserk rage {unknown}
 n - 2 potions of cancellation {unknown}
 r - a potion of ambrosia {unknown}
 x - a potion of brilliance {unknown}
 F - 3 potions of haste {unknown}
 H - 6 potions of heal wounds {unknown}
 I - a potion of invisibility {unknown}
 J - 2 potions of might {unknown}
 M - 3 potions of mutation {unknown}
 N - a potion of degeneration {unknown}


   Skills:
 - Level 3.4 Fighting
 - Level 3.0 Maces & Flails
 - Level 4.1 Armour
 - Level 4.3 Dodging
 - Level 1.7 Stealth
 - Level 8.2 Spellcasting
 * Level 13.0 Conjurations
 - Level 3.0 Ice Magic
 - Level 3.3 Air Magic


You had 14 spell levels left.
You knew the following spells:

 Your Spells              Type           Power      Damage    Failure   Level
a - Magic Dart            Conj           100%       1d8       1%          1
b - Searing Ray           Conj           100%       2d8       1%          2
c - Iskenderun's Mystic   Conj/Tloc      53%        2d11      3%          4
d - Freezing Cloud        Conj/Ice/Air   26%        6-21      9%          5

Your spell library contained the following spells:

 Spells                   Type           Power      Damage    Failure   Level
 Shock                    Conj/Air       100%       1d9       1%          1
 Dazzling Flash           Conj/Hex       100%       N/A       1%          3
 Swiftness                Air            34%        N/A       3%          3
 Fulminant Prism          Conj/Hex       26%        3d14      3%          4
 Cigotuvi's Dreadful Rot  Necr/Pois/Air  40%        N/A       4%          2
 Arcjolt                  Conj/Air       30%        1d40      4%          5
 Airstrike                Air            17%        2d(3-19)  12%         4
 Ignite Poison            Fire/Tmut/Pois 13%        N/A       14%         3
 Vhi's Electric Charge    Tloc/Air       46%        N/A       24%         4
 Leda's Liquefaction      Hex/Erth       6%         N/A       43%         4
 Bombard                  Conj/Erth      26%        9d5       45%         6
 Lee's Rapid Deconstruct  Erth           6%         3d6*      78%         5
 Plasma Beam              Fire/Air       11%        2x1d22    98%         6


Dungeon Overview and Level Annotations

Branches:
Dungeon (10/15)            Temple (0/1) D:5            Lair (0/5) D:9
    Orc (0/2) D:10         Bailey (visited)

Annotations:
D:9 6 transporters, Ge0ff's ghost, journeyman OpHs
D:10 Snorg


Innate Abilities, Weirdness & Mutations

You have an increased reservoir of magic. (+10% MP)
You shall have no god before yourself.
Your divine heritage dramatically boosts your attributes as you level up.


Message History

Your surroundings suddenly seem different.
An orc wizard, a fire giant, a golden eye, a manticore and a glowing orange brain come into view.
The orc wizard is wielding a +0 dagger and wearing a +2 robe of cold resistance.
The fire giant is wielding a +0 great sword of flaming.
Found five items.
The fire giant shouts!
The glowing orange brain turns its attention towards you.
The golden eye turns its gaze towards you.
Unknown command.
Unknown command.
As you read the scroll of teleportation, it crumbles to dust.
You feel strangely unstable. The golden eye blinks at you.
You resist with almost no effort.
The glowing orange brain pulsates.
You resist with almost no effort. The golden eye blinks at you.
You are confused.
Unknown command.
Unknown command.
Okay, then.
The orc wizard shouts!
The golden eye changes into a spriggan!
The glowing orange brain pulsates.
Unknown command.
Unknown command.
The yak bellows!
The yak dissolves into shadows!
The spriggan hits you but does no damage.
The yak misses you. The yak barely misses you.
Unknown command.
Unknown command.
Unknown command.
Your surroundings suddenly seem different.
A rakshasa, a yaktaur captain and an orc knight come into view.
Found five items.
The orc knight shouts!
The yaktaur captain wields a +0 arbalest.
The yaktaur captain shoots a bolt.
The bolt hits you!!!
Ouch! That really hurt!
You die...

##'##..#. #......#.
#......'. . +......#.
... #..##..#.
.....##..##..#.
.....'.<.#...#.
#########+##########.
#$..@+ #. #....# #
#?.....# #..R..[#
%..oc.### .....)
....## ...$


You could see a yaktaur captain, an orc knight and a rakshasa.

Vanquished Creatures
  A boulder beetle (D:10)
  2 tengu warriors (D:10)
  Pikel (D:9)
  A deep elf pyromancer (D:10)
  A cyclops (D:10)
  A komodo dragon (D:9)
  A kobold demonologist (D:10)
  2 freezing wraiths (D:10)
  4 trolls
  2 flying skulls (D:8)
  A culicivora (D:9)
  4 wyverns
  A shadow (D:10)
  2 wraiths (D:10)
  A basilisk (D:10)
  15 yaks
  Eustachio (D:4)
  An acid dragon (D:10)
  3 water moccasins
  3 sky beasts (D:7)
  4 black bears
  2 elephant zombies (D:8)
  2 ice beasts
  9 orc warriors
  5 centaurs
  A phantom (D:6)
  4 lemures (D:9)
  3 kobold brigands
  5 bullfrogs
  2 scorpions (D:4)
  A water moccasin zombie (D:5)
  11 wights
  6 howler monkeys
  A centaur zombie (D:8)
  3 jellies
  2 orc priests (D:7)
  A gnoll bouda (D:6)
  4 hounds
  2 sleepcaps
  Jessica (D:3)
  3 iguanas
  Natasha (thrice) (D:4)
  4 orc wizards
  A scorpion zombie (D:8)
  A killer bee zombie (D:8)
  2 hound skeletons (D:5)
  7 hound zombies
  Robin (D:2)
  A howler monkey zombie (D:8)
  9 gnolls
  8 adders
  A shadow imp (D:6)
  A white imp (D:8)
  2 ufetubi (D:6)
  2 adder zombies
  2 worms
  50 orcs
  4 bats
  7 endoplasms
  4 giant cockroaches
  21 goblins
  14 hobgoblins
  2 jackals (D:2)
  4 quokkas
  6 ball pythons
  4 frilled lizards
  23 kobolds
  11 rats
315 creatures vanquished.

Notes
Turn   | Place    | Note
-------+----------+-------------------------------------------
     0 | D:1      | gruber the Demigod Conjurer began the quest for the Orb.
     0 | D:1      | Reached XP level 1. HP: 14/14 MP: 5/5
   139 | D:1      | Reached skill level 4 in Conjurations
   246 | D:1      | Reached XP level 2. HP: 20/20 MP: 5/7
   284 | D:1      | Learned a level 2 spell: Searing Ray
   964 | D:2      | Reached XP level 3. HP: 21/26 MP: 5/8
  1134 | D:2      | Noticed Robin
  1139 | D:2      | Reached skill level 5 in Conjurations
  1214 | D:2      | Killed Robin
  1404 | D:2      | Reached XP level 4. HP: 33/33 MP: 5/9
  2727 | D:3      | Reached skill level 6 in Conjurations
  2745 | D:3      | Noticed Jessica
  2750 | D:3      | Reached XP level 5. HP: 38/38 MP: 8/10
  2752 | D:3      | Killed Jessica
  3223 | D:4      | Noticed a water moccasin
  3235 | D:4      | Killed a water moccasin
  3439 | D:4      | Noticed Natasha
  3443 | D:4      | Killed Natasha
  3444 | D:4      | Reached XP level 6. HP: 45/45 MP: 10/14
  3980 | D:4      | Noticed Natasha
  3991 | D:4      | Killed Natasha
  4040 | D:4      | Noticed Eustachio
  4052 | D:4      | Killed Eustachio
  4053 | D:4      | Reached skill level 5 in Spellcasting
  4053 | D:4      | Reached XP level 7. HP: 30/50 MP: 4/18
  4515 | D:4      | Noticed Natasha
  4517 | D:4      | Killed Natasha
  4577 | D:5      | Entered Level 5 of the Dungeon
  4577 | D:5      | Found a staircase to the Ecumenical Temple.
  4956 | D:5      | Reached skill level 1 in Armour
  5397 | D:5      | Reached XP level 8. HP: 55/57 MP: 11/19
  5991 | D:5      | Learned a level 4 spell: Iskenderun's Mystic Blast
  6474 | D:6      | Identified the +8 mace of the Puffball {flame, rElec Str+3
                  | Stlth+}
  6813 | D:6      | Reached skill level 1 in Maces & Flails
  7911 | D:7      | Reached skill level 7 in Conjurations
  7997 | D:7      | Reached XP level 9. HP: 70/70 MP: 12/20
  8789 | D:7      | Reached skill level 8 in Conjurations
  9288 | D:8      | Reached skill level 9 in Conjurations
  9429 | D:8      | Found a flagged portal.
  9435 | D:8      | Identified the +4 scale mail of the Barber Surgeon {rF-
                  | Dex+4}
  9452 | D:8      | Learned a level 5 spell: Freezing Cloud
  9453 | Bailey   | Entered a bailey
  9736 | Bailey   | Reached skill level 1 in Ice Magic
  9736 | Bailey   | Reached skill level 1 in Air Magic
 10410 | Bailey   | Noticed an orc knight
 10431 | Bailey   | Noticed an orc knight
 10747 | D:8      | Reached XP level 10. HP: 77/77 MP: 11/21
 11903 | D:9      | Found a transporter.
 12163 | D:9      | Noticed Pikel
 12176 | D:9      | Killed Pikel
 12342 | D:9      | Noticed Ge0ff's ghost (journeyman OpHs)
 12343 | D:9      | Noticed a two-headed ogre
 12344 | D:9      | Found a transporter.
 12345 | D:9      | Noticed a two-headed ogre
 12346 | D:9      | Noticed a two-headed ogre
 12398 | D:9      | Found a transporter.
 12445 | D:9      | Noticed a two-headed ogre
 12614 | D:9      | Reached skill level 10 in Conjurations
 12635 | D:9      | Found a transporter.
 12672 | D:9      | Found a transporter.
 12698 | D:9      | Found a transporter.
 12734 | D:9      | Found a staircase to the Lair.
 12798 | D:9      | Noticed Harold
 12810 | D:9      | Harold changed into Harold the culicivora
 12810 | D:9      | Noticed Harold
 12815 | D:9      | HP: 3/77 [Harold the culicivora (23)]
 12818 | D:9      | Killed Harold the culicivora
 13479 | D:10     | Entered Level 10 of the Dungeon
 13663 | D:10     | Reached XP level 11. HP: 76/82 MP: 10/27
 13780 | D:10     | Noticed a boulder beetle
 13872 | D:10     | Killed a boulder beetle
 13873 | D:10     | Reached skill level 11 in Conjurations
 13978 | D:10     | Noticed a tengu warrior
 13991 | D:10     | Noticed a tengu warrior
 14007 | D:10     | Killed a tengu warrior
 14105 | D:10     | Noticed a deep elf pyromancer
 14108 | D:10     | Killed a deep elf pyromancer
 14186 | D:10     | Killed a tengu warrior
 14187 | D:10     | Reached skill level 12 in Conjurations
 14358 | D:10     | Found a staircase to the Orcish Mines.
 14383 | D:10     | Noticed a two-headed ogre
 14433 | D:10     | Noticed Snorg
 14972 | D:10     | Identified the +1 ring mail "Tedoys" {-Cast Harm rC+ Dex+3}
 15484 | D:10     | Reached skill level 13 in Conjurations
 15529 | D:10     | Noticed a two-headed ogre
 15557 | D:10     | Noticed a fire giant
 15557 | D:10     | Noticed a glowing orange brain
 15561 | D:10     | Noticed a two-headed ogre
 15562 | D:10     | Noticed a rakshasa
 15562 | D:10     | Noticed a yaktaur captain
 15562 | D:10     | Noticed an orc knight
 15562 | D:10     | Shot with a bolt by a yaktaur captain

Illustrated notes

Levels and vault maps discovered:
D:1:      amcnicky_arrival_single_pillar, layout_rooms, minmay_ruptured
D:2:      layout_basic, chequers_ecumenical_altar_simple_redux, uniq_robin
D:3:      layout_rooms, trog_butcher_becter, kennysheep_jessica_study
D:4:      layout_loops_corners, chequers_temple_overflow_statue_of_worship,
          serial_rivers, chequers_serial_rivers_large_b,
          chequers_serial_rivers_room_a, chequers_serial_rivers_micro_d,
          chequers_serial_rivers_small_3, chequers_serial_rivers_room_b,
          uniq_natasha, uniq_eustachio
D:5:      layout_loops_corners, mainiacjoe_overflow_alcove_4,
          minmay_temple_entry_mist, serial_undead, serial_undead_c,
          serial_undead_d, serial_undead_b, serial_undead_e,
          nrook_loot_triangle, kennysheep_flooded_box
D:6:      layout_layer_cave, grunt_temple_overflow_cloverleaf
D:7:      kennysheep_six_static_rooms, layout_gridville,
          mainiacjoe_overflow_chevrons, lightli_ossuary_entry_decrepit_ruins,
          kennysheep_generic_room_14
D:8:      layout_basic, enter_bailey_1, roadster_capsule_ark_zombie
D:9:      layout_basic, mainiacjoe_overflow_big_doors, lair_entry_dummy,
          gammafunk_ghost_smash, nicolae_transporter_intersection, uniq_pikel,
          uniq_harold
D:10:     minmay_the_grid_octo_tiled_squarecenter
          [minmay_the_grid_octo_checkered, minmay_the_grid_octo_clover,
          minmay_the_grid_octo_teeth, minmay_the_grid_octo_chip,
          minmay_the_grid_square_5x5_megaprize_checkered,
          minmay_the_grid_square_5x5_tie, minmay_the_grid_square_5x5_trominoes,
          minmay_the_grid_square_5x5_c, minmay_the_grid_square_5x5_two_small],
          layout_gridville, orc_0_dummy, nicolae_rejected_hall, uniq_snorg

Skill      XL: |  1  2  3  4  5  6  7  8  9 10 11 |
---------------+----------------------------------+-----
Conjurations   | 4 5 6 7 9 10 13 | 13.0
Spellcasting   | 3 5 8 |  8.2
Dodging        | 4 |  4.3
Armour         | 3 4 |  4.1
Fighting       | 3 |  3.4
Maces & Flails | 3 |  3.0
Ice Magic      | 3 |  3.0
Air Magic      | 2 3 |  3.3
Stealth        | |  1.7

Action                     |  1- 3 |  4- 6 |  7- 9 | 10-12 || total
---------------------------+-------+-------+-------+-------++-------
  Melee: Unarmed           |     1 |       |       |       ||     1
         Mace              |       |       |    27 |    36 ||    63
         Punch             |       |       |       |     1 ||     1
   Cast: Magic Dart        |    81 |    72 |   130 |    60 ||   343
         Searing Ray       |     3 |    16 |    74 |    69 ||   162
         Iskenderun's Myst |       |       |     7 |    38 ||    45
         Freezing Cloud    |       |       |       |     8 ||     8
  Evoke: Wand              |       |       |     9 |     8 ||    17
    Use: Scroll            |       |       |       |     2 ||     2
   Stab: Sleeping          |       |       |       |     1 ||     1
 Armour: Robe              |     6 |    15 |       |       ||    21
         Leather armour    |       |       |    80 |   112 ||   192
  Dodge: Dodged            |     6 |    11 |   113 |   146 ||   276

Table legend: (Time is in decaauts)
 A = Elapsed time spent in this place.
 B = Non-inter-level travel time spent in this place.
 C = Inter-level travel time spent in this place.
 D = Time resting spent in this place.
 E = Time spent auto-exploring this place.
 F = Levels seen in this place.
 G = Mean time per level.
                   A        B        C        D        E       F      G
               +--------+--------+--------+--------+--------+-----+--------+
         Total |  15637 |  15275 |    362 |   1512 |  11654 |  11 | 1421.5 |
       Dungeon |  14630 |  14268 |    362 |   1019 |  11399 |  10 | 1463.0 |
        Bailey |   1007 |   1007 |      0 |    493 |    255 |   1 | 1007.0 |
               +--------+--------+--------+--------+--------+-----+--------+

Top non-repeatable levels by time:
     D:7: 2029 daAuts
     D:9: 2004 daAuts
    D:10: 1688 daAuts
     D:8: 1524 daAuts
     D:5: 1435 daAuts
     D:4: 1425 daAuts
     D:6: 1336 daAuts
     D:2: 1301 daAuts
  Bailey: 1007 daAuts
     D:1: 959 daAuts
     D:3: 925 daAuts
